 Dungeon Crawl Stone Soup version 0.30-a0-1103-g25895a7845 (webtiles) character file.

Game seed: 9440696404399439866

90 voltaire321 the Digger (level 4, -5/28 HPs)
             Began as an Octopode Earth Elementalist on Apr 18, 2023.
             Slain by Grinder (10 damage)
             ... on level 3 of the Dungeon.
             The game lasted 00:05:14 (2133 turns).

voltaire321 the Digger (OpEE)                       Turns: 2133, Time: 00:05:14

Health: -5/28      AC:  1    Str:  7    XL:     4   Next: 56%
Magic:  3/7        EV: 13    Int: 19    God:
Gold:   82         SH:  0    Dex: 12    Spells: 2/8 levels left

rFire   . . .      SeeInvis .    l - +0 dagger (venom)
rCold   . . .      Faith    .    (no shield)
rNeg    . . .      Spirit   .    (helmet restricted)
rPois   .          Reflect  .    (no amulet)
rElec   .          Rampage  .    (no ring)
rCorr   .                        (no ring)
Will    .....                    (no ring)
Stlth   +++                      (no ring)
HPRegen 0.24/turn                (no ring)
MPRegen 0.10/turn                (no ring)
                                 (no ring)
                                 (no ring)

@: very slightly contaminated
A: almost no armour, amphibious, 8 rings, camouflage 1, gelatinous body 1,
(nimble swimmer 1), tentacles
a: no special abilities


You were on level 3 of the Dungeon.
You visited 1 branch of the dungeon, and saw 3 of its levels.

You collected 82 gold pieces.

Inventory:

Hand Weapons
 i - a +0 rapier
 l - a +0 dagger of venom (weapon)
Missiles
 k - 2 datura-tipped darts
Scrolls
 d - a scroll of vulnerability {unknown}
 f - a scroll of magic mapping {unknown}
 j - 3 scrolls of enchant weapon {unknown}
Potions
 a - a potion of magic
 b - a potion of lignification {unknown}
 c - a potion of haste {unknown}
 g - a potion of might {unknown}
 h - 2 potions of flight {unknown}


   Skills:
 + Level 1.4 Fighting
 + Level 2.6 Dodging
 - Level 2.6 Stealth
 + Level 2.6 Spellcasting
 + Level 0.7 Conjurations
 + Level 1.8 Transmutations
 + Level 3.4 Earth Magic


You had 2 spell levels left.
You knew the following spells:

 Your Spells              Type           Power      Damage    Failure   Level
a - Sandblast             Erth           30%        2d9       3%          1
b - Stone Arrow           Conj/Erth      20%        3d8       21%         3
c - Passwall              Tmut/Erth      10%        N/A       9%          2

Your spell library contained the following spells:

 Spells                   Type           Power      Damage    Failure   Level
 Ensorcelled Hibernation  Hex/Ice        4%         N/A       24%         2
 Swiftness                Air            2%         N/A       43%         3
 Petrify                  Tmut/Erth      12%        N/A       47%         4


Dungeon Overview and Level Annotations

Branches:
Dungeon (3/15)

Altars:

Annotations:
D:3 Grinder


Innate Abilities, Weirdness & Mutations

You cannot wear most types of armour.
You are amphibious.
You can wear up to eight rings at the same time.
Your skin changes colour to match your surroundings (Stealth+).
Your rubbery body absorbs attacks. (AC +1, EV +1)
((You are camouflaged when in or above water. (Stealth+)))
You have tentacles for arms and can constrict up to eight enemies at once.


Message History

Aim: Grinder (wandering, hasn't noticed you, 64% to hit)
You miscast Stone Arrow.
You are very lightly contaminated with residual magic.
Nothing appears to happen.
Grinder shouts!
Casting: Stone Arrow (quite dangerous; 21% risk of failure)
Confirm with . or Enter, or press ? or * to list all spells.
The spell is quite dangerous to miscast (21% risk of failure)!
Continue anyway? [Y]es or [N]o only, please.
The spell is quite dangerous to miscast (21% risk of failure)!
Continue anyway?
Okay, then.
Grinder hits you.
You writhe in agony.
You completely miss Grinder. Your grab misses Grinder. You squeeze Grinder.
Grinder is lightly wounded.
Grinder hits you.
You writhe in agony.
You hit Grinder but do no damage. Your grab misses Grinder.
Grinder is lightly wounded.
Grinder misses you.
You hit Grinder but do no damage.
Grinder is poisoned.
You grab Grinder.
Grinder is lightly wounded.
You constrict Grinder. Grinder completely misses you.
Aiming: Sandblast (safe; 3% risk of failure)
Press: ? - help, Q - select action, (/) - cycle Shift-Dir - straight line, f/p - Grinder
Aim: Grinder (lightly wounded, constricted by you, very poisoned, 98% to hit)
You miscast Sandblast.
Nothing appears to happen.
You constrict Grinder. Grinder hits you!
* * * LOW HITPOINT WARNING * * *
You writhe in agony.
* * * LOW HITPOINT WARNING * * *
You barely miss Grinder.
Grinder is lightly wounded.
You constrict Grinder.
Grinder struggles to blink free from constriction.
You hit Grinder but do no damage.
Grinder is moderately wounded.
You constrict Grinder. Grinder misses you.
You hit Grinder.
Grinder is moderately wounded.
You constrict Grinder. Grinder hits you!
You die...

... .......#####.##.#
+##.. ............##.#
.....###....####..##.####
.............#..#......
#.#.....##.##....#####
#....$.......#.#.# #
...#..........#.#.#.# #
.....!....#...#.#.#.# #
)....(.#@.....#.#.#.# #
........5†....#.#.#.# #
........#.#..<#.#.#.# #
##..........#.#$#.#.# #
..............>.. #
..............### #
..##....#...... #
#....###+#### ##### #....
#<...


You could see Grinder (very poisoned).

Vanquished Creatures
  5 adders (D:2)
  A worm (D:3)
  A dart slug (D:2)
  4 endoplasms
  3 giant cockroaches
  A goblin (D:1)
  2 hobgoblins (D:1)
  3 kobolds (D:2)
  2 quokkas
  4 ball pythons
  7 bats
  6 frilled lizards
  4 rats
43 creatures vanquished.

Notes
Turn   | Place    | Note
-------+----------+-------------------------------------------
     0 | D:1      | voltaire321 the Octopode Earth Elementalist began the quest
                  | for the Orb.
     0 | D:1      | Reached XP level 1. HP: 11/11 MP: 3/3
   363 | D:1      | Reached XP level 2. HP: 18/18 MP: 3/5
  1161 | D:2      | Reached skill level 1 in Fighting
  1161 | D:2      | Reached XP level 3. HP: 23/23 MP: 4/6
  1169 | D:2      | Learned a level 3 spell: Stone Arrow
  1172 | D:2      | Learned a level 2 spell: Passwall
  1455 | D:2      | Reached XP level 4. HP: 22/28 MP: 3/7
  1965 | D:3      | Noticed Grinder
  2133 | D:3      | Slain by Grinder

Illustrated notes

Levels and vault maps discovered:
D:1:      minmay_arrival_loop, layout_basic, columned_hall_lemuel
D:2:      layout_loops_ring, kennysheep_big_empty_room
D:3:      layout_basic, grunt_gozag_breadcrumbs, pf_just_have_faith,
          serial_shops, nicolae_shop_gaudy_bauble,
          ebering_ghost_reflecting_pool, hellmonk_ecumenical_altar_lost_god,
          minmay_misc_feat_ornament, uniq_grinder

Skill      XL: |  1  2 |
---------------+-------+-----
Fighting       | 1 |  1.4
Dodging        | |  2.6
Stealth        | |  2.6
Spellcasting   | |  2.6
Conjurations   | |  0.7
Transmutations | |  1.8
Earth Magic    | |  3.4

Action                     |  1- 3 |  4- 6 || total
---------------------------+-------+-------++-------
  Melee: Dagger            |       |     6 ||     6
         Constrict         |       |     1 ||     1
         Tentacles         |       |     1 ||     1
   Cast: Sandblast         |    42 |    18 ||    60
         Stone Arrow       |       |     2 ||     2
    Use: Potion            |       |     1 ||     1
  Dodge: Dodged            |     9 |     7 ||    16

Table legend: (Time is in decaauts)
 A = Elapsed time spent in this place.
 B = Non-inter-level travel time spent in this place.
 C = Inter-level travel time spent in this place.
 D = Time resting spent in this place.
 E = Time spent auto-exploring this place.
 F = Levels seen in this place.
 G = Mean time per level.
                   A        B        C        D        E       F      G
               +--------+--------+--------+--------+--------+-----+--------+
         Total |   2161 |   2021 |    140 |    134 |   1468 |   3 |  720.3 |
       Dungeon |   2161 |   2021 |    140 |    134 |   1468 |   3 |  720.3 |
               +--------+--------+--------+--------+--------+-----+--------+

Top non-repeatable levels by time:
     D:1: 1112 daAuts
     D:2: 977 daAuts
     D:3: 71 daAuts
